 Dungeon Crawl Stone Soup version 0.30-a0-341-g682706514a (webtiles) character file.

Game seed: 1368945246248569043

475 MirrMurr the Skirmisher (level 7, 0/40 HPs)
             Began as a Kobold Hunter on Oct 31, 2022.
             Slain by a gnoll
             ... wielding a +0 halberd
              (3 damage)
             ... on level 4 of the Dungeon.
             The game lasted 00:04:41 (3117 turns).

MirrMurr the Skirmisher (Kobold Hunter)             Turns: 3117, Time: 00:04:41

Health: 0/40       AC:  5    Str:  9    XL:     7   Next: 32%
Magic:  7/7        EV: 14    Int: 10    God:
Gold:   188        SH:  0    Dex: 20    Spells: 6/6 levels left

rFire   . . .      SeeInvis .    a - +0 shortbow
rCold   + . .      Faith    .    (shield currently unavailable)
rNeg    . . .      Spirit   .    k - +0 ring mail {rC+}
rPois   .          Reflect  .    (no helmet)
rElec   .          Harm     .    (no cloak)
rCorr   .          Rampage  .    (no gloves)
Will    .....                    (no boots)
Stlth   +++.......               (no amulet)
HPRegen 0.26/turn                d - ring of flight
MPRegen 0.10/turn                (no ring)

@: flying
A: small, no large weapons, nightstalker 3
a: no special abilities


You were on level 4 of the Dungeon.
You visited 1 branch of the dungeon, and saw 4 of its levels.

You collected 188 gold pieces.

Inventory:

Hand Weapons
 a - a +0 shortbow (weapon)
 b - a +2 short sword of protection
Missiles
 f - 18 stones
 j - 2 atropa-tipped darts
 p - 4 poisoned darts
Armour
 k - a +0 ring mail of cold resistance (worn)
Jewellery
 d - a ring of flight (left hand)
 r - a ring of protection from cold
Scrolls
 e - a scroll of fear {unknown}
 g - a scroll of poison {unknown}
 l - a scroll of teleportation
 n - a scroll of vulnerability {unknown}
 o - a scroll of immolation
 t - a scroll of summoning {unknown}
Potions
 c - a potion of mutation {unknown}
 h - a potion of flight {unknown}
 i - a potion of curing {unknown}
 m - a potion of degeneration {unknown}
 q - 3 potions of berserk rage
 s - a potion of brilliance {unknown}


   Skills:
 - Level 2.5 Fighting
 - Level 10.0 Ranged Weapons
 + Level 4.1 Dodging
 - Level 2.0 Stealth


You had 6 spell levels left.
You didn't know any spells.
Your spell library was empty.

Dungeon Overview and Level Annotations

Branches:
Dungeon (4/15)
 Temple: D:4-7

Altars:
Gozag
Nemelex Xobeh
Wu Jian


Innate Abilities, Weirdness & Mutations

You are small and have problems with some larger weapons.
You are completely attuned to the shadows.


Message History

You shoot an arrow.
The arrow hits the gnoll but does no damage.
The gnoll is lightly wounded.
The gnoll barely misses you.
The gnoll hits you from afar with a +0 halberd!
You shoot an arrow. The arrow barely misses the gnoll.
The gnoll closely misses you.
The gnoll hits you from afar with a +0 halberd!
The gnoll hits you with a +0 flail. The gnoll barely misses you.
You are too injured to fight recklessly!
You are too injured to fight recklessly!
You are too injured to fight recklessly!
You are too injured to fight recklessly!
You are too injured to fight recklessly!
You shoot an arrow. The arrow hits the gnoll.
The gnoll is heavily wounded.
The gnoll hits you with a +0 flail.
* * * LOW HITPOINT WARNING * * *
Unknown command.
The gnoll attacks as you move away! The gnoll barely misses you.
You see here a +0 spear.
The gnoll attacks as you move away! The gnoll hits you but does no damage.
The gnoll attacks as you move away! The gnoll hits you with a +0 flail.
* * * LOW HITPOINT WARNING * * *
The gnoll attacks as you move away! The gnoll barely misses you.
You see here a +0 short sword.
You see here a +0 vorpal hand axe.
You see here a +0 dagger.
You see here a +0 flail.
The gnoll attacks as you move away! The gnoll barely misses you.
Things that are here:
a +0 robe; a +0 dagger The gnoll attacks as you move away!
The gnoll hits you with a +0 flail.
* * * LOW HITPOINT WARNING * * *
Do you really want to go berserk while wielding your +0 shortbow?
Okay, then.
You shoot an arrow. The arrow hits the gnoll!
You kill the gnoll!
The gnoll hits you from afar with a +0 halberd.
You die...

.#
#..............#
#.### .#
#...........<..#
#.# .#
#..............#
#.# .#
##............##
#.# )#
##..........##
*####** .#
####.#.#.###
*..#.,* .#
#..#.#.#
##....,* .#
#.##.#.#
#)..._,# .#
#.##.#@#
#.#,,,,# .#
#####.##.#)#
##.#**,,# .#
#.....##.#g#
##..# **## .#
##.######.#)#
##..## #. .#
#..# #......#
####).## #. .#
#.##
#.....)###....##
#. .# #.#
#.....)#.g.####
##. .# #.#
#......#.###
##.. .# #.#
######.).####
######..#


You could see a gnoll.

Vanquished Creatures
  Menkaure (D:4)
  A phantom (D:4)
  2 hounds (D:3)
  A jelly (D:4)
  An iguana (D:4)
  An orc wizard (D:4)
  3 gnolls (D:4)
  3 adders
  2 worms
  4 dart slugs
  7 orcs
  3 endoplasms
  4 giant cockroaches
  11 goblins
  3 hobgoblins
  4 jackals (D:1)
  6 kobolds
  2 quokkas
  3 ball pythons
  3 bats (D:2)
  4 frilled lizards
  2 rats
71 creatures vanquished.

Notes
Turn   | Place    | Note
-------+----------+-------------------------------------------
     0 | D:1      | MirrMurr the Kobold Hunter began the quest for the Orb.
     0 | D:1      | Reached XP level 1. HP: 12/12 MP: 1/1
    55 | D:1      | Reached XP level 2. HP: 18/18 MP: 2/2
   586 | D:1      | Reached XP level 3. HP: 22/22 MP: 3/3
   859 | D:2      | Reached skill level 6 in Ranged Weapons
  1414 | D:3      | Reached XP level 4. HP: 27/27 MP: 4/4
  1519 | D:3      | Reached skill level 7 in Ranged Weapons
  1609 | D:3      | Found a faded altar of an unknown god.
  1642 | D:3      | Reached XP level 5. HP: 31/31 MP: 5/5
  1852 | D:3      | Found an ornate altar of the Wu Jian Council.
  1951 | D:3      | Reached skill level 8 in Ranged Weapons
  1996 | D:3      | Found a sparkling altar of Nemelex Xobeh.
  2350 | D:4      | Found an opulent altar of Gozag.
  2361 | D:4      | Reached XP level 6. HP: 31/36 MP: 6/6
  2421 | D:4      | Reached skill level 9 in Ranged Weapons
  3002 | D:4      | Noticed Menkaure
  3007 | D:4      | Killed Menkaure
  3008 | D:4      | Reached skill level 10 in Ranged Weapons
  3008 | D:4      | Reached XP level 7. HP: 39/40 MP: 7/7
  3116 | D:4      | HP: 2/40 [gnoll/+0 flail (5)]
  3117 | D:4      | Slain by a gnoll

Illustrated notes

Levels and vault maps discovered:
D:1:      dpeg_arrival_pits, layout_loops_cross
D:2:      layout_rooms
D:3:      layout_rooms, nicolae_wu_jian_glorious_leap,
          nemelex_spade_bored_becter, ebering_ecumenical_altar_rust,
          st_stairs_14
D:4:      layout_rooms, mainiacjoe_overflow_alcove_1,
          kennysheep_generic_room_13, uniq_menkaure

Skill      XL: |  1  2  3  4  5  6 |
---------------+-------------------+-----
Stealth        | 2 |  2.0
Ranged Weapons | 6 7 8 10 | 10.0
Dodging        | 4 |  4.1
Fighting       | |  2.5

Action                   |  1- 3 |  4- 6 |  7- 9 || total
-------------------------+-------+-------+-------++-------
 Fire: Shortbow          |    84 |   111 |    11 ||   206
  Use: Scroll            |       |     4 |       ||     4
Armor: Ring mail         |    31 |    12 |     1 ||    44
Dodge: Dodged            |    46 |    38 |    15 ||    99

Table legend: (Time is in decaauts)
 A = Elapsed time spent in this place.
 B = Non-inter-level travel time spent in this place.
 C = Inter-level travel time spent in this place.
 D = Time resting spent in this place.
 E = Time spent auto-exploring this place.
 F = Levels seen in this place.
 G = Mean time per level.
                   A        B        C        D        E       F      G
               +--------+--------+--------+--------+--------+-----+--------+
         Total |   3178 |   2903 |    275 |      0 |   2441 |   4 |  794.5 |
       Dungeon |   3178 |   2903 |    275 |      0 |   2441 |   4 |  794.5 |
               +--------+--------+--------+--------+--------+-----+--------+

Top non-repeatable levels by time:
     D:3: 961 daAuts
     D:1: 829 daAuts
     D:4: 794 daAuts
     D:2: 592 daAuts
